 Dungeon Crawl Stone Soup version 0.30.1-10-g1249ef9ec4 (webtiles) character file.

Game seed: 8692391520876743827

79 pkoi the Insei (level 4, -9/40 HPs)
             Began as a Draconian Monk on Oct 26, 2023.
             Mangled by a gnoll
             ... wielding a +0 halberd
              (11 damage)
             ... on level 3 of the Dungeon.
             The game lasted 00:01:43 (1862 turns).

pkoi the Insei (Draconian Monk)                     Turns: 1862, Time: 00:01:44

Health: -9/40      AC:  5    Str: 13    XL:     4   Next: 17%
Magic:  4/4        EV: 13    Int: 12    God:
Gold:   80         SH:  0    Dex: 14    Spells: 3/3 levels left

rFire   . .          .
                       - Unarmed
rCold   . . .        b - orb {light}
rNeg    . . .        (body armour unavailable)
rPois   .            (helmet restricted)
rElec   .            (no cloak)
rCorr   .            (no gloves)
SInv    .            (no boots)
Will    .....        (no amulet)
Stlth   +            (no ring)
HPRegen 0.26/turn    (no ring)
MPRegen 0.09/turn

%: no passive effects
@: glowing
A: AC +5, unfitting armour, cold-blooded
a: no special abilities


You were on level 3 of the Dungeon.
You visited 1 branch of the dungeon, and saw 3 of its levels.

You collected 80 gold pieces.

Inventory:

Hand Weapons
 a - a +3 short sword of freezing
 l - a +2 dagger of electrocution
Armour
 b - an orb of light (worn)
Jewellery
 e - a +4 ring of protection
Wands
 i - a wand of mindburst (11)
Scrolls
 c - 3 scrolls of enchant weapon
 d - 2 scrolls of fog {unknown}
 f - a scroll of fear {unknown}
 g - a scroll of immolation
 h - a scroll of teleportation {unknown}
 j - a scroll of poison {unknown}
Potions
 k - 2 potions of might


   Skills:
 - Level 4.0 Fighting
 - Level 3.3 Dodging
 + Level 4.1 Unarmed Combat


You had 3 spell levels left.
You didn't know any spells.
Your spell library was empty.

Dungeon Overview and Level Annotations

Branches:
Dungeon (3/15)

Altars:
Xom

Annotations:
D:3 Jessica


Innate Abilities, Weirdness & Mutations

Your plain brown scales are hard. (AC +5)
You cannot fit into any form of body armour.
You are cold-blooded and may be slowed by cold attacks.


Message History

The gnoll is lightly wounded.
A giant cockroach comes into view.
The gnoll hits you from afar with a +0 halberd!
The gnoll hits you with a +0 spear.
Jessica the Apprentice Sorceress comes into view.
She is wielding a +0 dagger.
Jessica shouts!
You hit the gnoll.
The gnoll is moderately wounded.
You hit the gnoll.
The gnoll is heavily wounded.
The gnoll closely misses you. The gnoll misses you.
You hit the gnoll.
The gnoll is almost dead.
The gnoll closely misses you. The gnoll barely misses you.
You hit the gnoll.
You kill the gnoll!
The gnoll misses you.
Your Unarmed Combat skill increases to level 4!
The gnoll closely misses you.
You see here a frilled lizard corpse.
The gnoll completely misses you.
You hit the gnoll.
The gnoll is moderately wounded.
The gnoll hits you with a +0 halberd!
You hit the gnoll.
The gnoll is moderately wounded.
The gnoll hits you with a +0 halberd.
You hit the gnoll but do no damage.
The gnoll is moderately wounded.
The gnoll hits you but does no damage.
You hit the gnoll but do no damage.
The gnoll is moderately wounded.
The gnoll hits you with a +0 halberd!
* * * LOW HITPOINT WARNING * * *
Jessica mumbles some strange words.
Jessica blinks!
The gnoll attacks as you move away! The gnoll hits you with a +0 halberd.
* * * LOW HITPOINT WARNING * * *
The gnoll hits you from afar with a +0 halberd!
You die...

#.# # #.# #.# #.# #+#
#.# ###.######## ###.###
##.#.##....g. #.....#
##....##.#####
#.###.#####.)....#.#####
#.# #..@.ggg.B.....##†..
#.###.#####g....[#.##.##
#.<...# ##..........#
####### ##.####......
### #######


You could see 3 gnolls, a giant cockroach and a goblin.

Vanquished Creatures
  An adder (D:2)
  2 gnolls
  2 worms
  A dart slug (D:2)
  5 bats
  4 endoplasms
  A giant cockroach (D:1)
  5 goblins
  A hobgoblin (D:1)
  4 jackals (D:1)
  3 quokkas (D:1)
  3 ball pythons
  2 frilled lizards
  3 kobolds
  4 rats
41 creatures vanquished.

Notes
Turn   | Place    | Note
-------+----------+-------------------------------------------
     0 | D:1      | pkoi the Draconian Monk began the quest for the Orb.
     0 | D:1      | Reached XP level 1. HP: 19/19 MP: 1/1
   115 | D:1      | Reached XP level 2. HP: 19/26 MP: 2/2
   647 | D:1      | Reached XP level 3. HP: 23/33 MP: 3/3
  1048 | D:2      | Found a shimmering altar of Xom.
  1336 | D:2      | Identified the +0 leather armour of Weqorel {rPois rN++
                  | Stlth+}
  1367 | D:2      | Found a faded altar of an unknown god.
  1732 | D:3      | Reached XP level 4. HP: 26/40 MP: 4/4
  1816 | D:3      | Noticed Jessica
  1862 | D:3      | HP: 2/40 [gnoll/+0 halberd (5)]
  1862 | D:3      | Mangled by a gnoll

Illustrated notes

Levels and vault maps discovered:
D:1:      mrwooster_arrival_statue, layout_basic, serial_curves, eino_curves_02,
          eino_curves_02, st_stairs_8
D:2:      layout_basic, serial_forest, infiniplex_forest_lined_ring,
          infiniplex_forest_corner_1, infiniplex_forest_clump_curved,
          infiniplex_forest_straight_4, infiniplex_forest_end_2,
          infiniplex_forest_clump_medium, infiniplex_forest_lined_3,
          ebering_ecumenical_altar_sacrificial, basic_altar
D:3:      minmay_angry_zag, layout_loops_corners, hangedman_decor_growths,
          uniq_jessica

Skill      XL: |  1  2  3  4 |
---------------+-------------+-----
Dodging        | 3 |  3.3
Fighting       | 4 |  4.0
Unarmed Combat | 4 |  4.1

Action                     |  1- 3 |  4- 6 || total
---------------------------+-------+-------++-------
  Melee: Unarmed           |   112 |     9 ||   121
         Tailslap          |    18 |       ||    18
    Use: Scroll            |     3 |       ||     3
         Potion            |     3 |       ||     3
 Armour: Skin              |    31 |     2 ||    33
  Dodge: Dodged            |    73 |     9 ||    82
